 Dungeon Crawl Stone Soup version 0.16.2-12-gd0ad4c3 (webtiles) character file.

9189 faibistes the Thaumaturge (level 11, -3/60 HPs)
             Began as a Deep Elf Wizard on Jan 18, 2019.
             Was a High Priest of Sif Muna.
             Slain by a blink frog (15 damage)
             ... on level 1 of the Lair of Beasts.
             The game lasted 00:38:24 (12701 turns).

faibistes the Thaumaturge (Deep Elf Wizard)        Turns: 12701, Time: 00:38:25

Health: -3/60      AC:  8    Str:  4    XL:     11   Next: 19%
Magic:  2/33       EV: 15    Int: 27    God:    Sif Muna [*****.]
Gold:   600        SH:  0    Dex: 13    Spells: 7 memorised, 15 levels left

rFire  . . .     SeeInvis +     w - +1 dagger (venom)
rCold  + . .     Clarity  .     P - +1 robe {rC+}
rNeg   . . .     SustAb   .     (no shield)
rPois  .         Gourm    .     b - +1 hat
rElec  .         Spirit   .     m - +2 cloak
rCorr  .         Warding  .     (no gloves)
rMut   .         Stasis   .     s - +0 pair of boots {Fly}
MR     ++...                    f - amulet of regeneration
Stlth  ++........               t - ring of see invisible
                                y - ring of protection from magic

@: flying, repel missiles, very resistant to hostile enchantments, unstealthy
A: no striking features
a: Channel Energy, Forget Spell, Renounce Religion, Stop Flying


You were on level 1 of the Lair of Beasts.
You worshipped Sif Muna.
Sif Muna was extremely pleased with you.
You were very hungry.

You visited 3 branches of the dungeon, and saw 12 of its levels.

You collected 726 gold pieces.
You spent 126 gold pieces at shops.

Inventory:

Hand weapons
 l - a +0 dagger of piercing
 u - the +8 flail of Success {crush, rC+ Int+4}
   (You found it on level 8 of the Dungeon)

   It inflicts extra damage upon your enemies.
   It affects your intelligence (+4).
   It protects you from cold.
 w - a +1 dagger of venom (weapon)
Armour
 b - a +1 hat (worn)
 m - a +2 cloak (worn)
 s - a +0 pair of boots of flying (worn)
 P - a +1 robe of cold resistance (worn)
Magical staves
 x - an uncursed staff of cold
 K - an uncursed staff of air
Jewellery
 f - an amulet of regeneration (around neck)
 t - a ring of see invisible (right hand)
 y - a ring of protection from magic (left hand)
 M - an uncursed ring of protection from cold
 N - an uncursed ring of positive energy
Magical devices
 r - a wand of fire (0)
 v - a wand of fire (6)
 C - a wand of confusion (20)
 I - a wand of digging (1)
 O - a wand of digging (14)
Scrolls
 a - 2 scrolls of blinking
 e - 2 scrolls of magic mapping
 h - 2 scrolls of remove curse
 i - 2 scrolls of teleportation
 D - a scroll of enchant armour
 G - a scroll of brand weapon
Potions
 g - a potion of resistance
 k - a potion of cancellation
 p - 5 potions of agility
 q - 2 potions of invisibility
 A - a potion of lignification
 H - a potion of restore abilities
 J - a potion of ambrosia {unknown}
 L - 2 potions of brilliance {unknown}
Books
 c - a book of Minor Magic

   Spells                             Type                      Level
   a - Magic Dart                     Conjuration                  1
   b - Blink                          Translocation                2
   c - Call Imp                       Summoning                    2
   d - Repel Missiles                 Charms/Air                   2
   e - Slow                           Hexes                        2
   f - Conjure Flame                  Conjuration/Fire             3
   g - Mephitic Cloud                 Conjuration/Poison/Air       3
 j - a book of the Earth

   Spells                             Type                      Level
   a - Leda's Liquefaction            Hexes/Earth                  4
   b - Bolt of Magma                  Conjuration/Fire/Earth       5
   c - Statue Form                    Transmutation/Earth          6
   d - Iron Shot                      Conjuration/Earth            6
   e - Shatter                        Earth                        9
 E - a book of Summonings

   Spells                             Type                      Level
   a - Abjuration                     Summoning                    3
   b - Recall                         Summoning/Translocation      3
   c - Shadow Creatures               Summoning                    5
   d - Summon Demon                   Summoning                    5
   e - Summon Forest                  Summoning/Translocation      5
   f - Monstrous Menagerie            Summoning                    6
Comestibles
 d - 4 bread rations
 o - a slice of pizza
 z - 7 fruits
 B - 2 meat rations
 F - a royal jelly


   Skills:
 + Level 3.1 Fighting
 + Level 7.0 Dodging
 - Level 2.4 Stealth
 * Level 11.6 Spellcasting
 + Level 7.2 Conjurations
 + Level 4.8 Charms
 - Level 1.1 Summonings
 + Level 4.9 Translocations
 + Level 6.5 Fire Magic
 - Level 3.8 Air Magic
 * Level 3.6 Earth Magic
 - Level 2.9 Poison Magic
 * Level 5.4 Invocations
 + Level 3.9 Evocations


You had 15 spell levels left.
You knew the following spells:

 Your Spells              Type           Power        Failure   Level  Hunger
a - Magic Dart            Conj           ####         1%          1    None
b - Conjure Flame         Conj/Fire      ######..     1%          3    None
c - Call Imp              Summ           ###.....     3%          2    None
d - Blink                 Tloc           N/A          1%          2    None
e - Mephitic Cloud        Conj/Pois/Air  #####...     1%          3    None
f - Repel Missiles        Chrm/Air       #####.       1%          2    None
v - Bolt of Magma         Conj/Fire/Erth #####.....   12%         5    ###....


Dungeon Overview and Level Annotations

Branches:
Dungeon (10/15)            Temple (1/1) D:4            Lair (1/8) D:9
    Orc (0/4) D:9

Altars:
Ashenzari
Cheibriados
Dithmenos
Elyvilon
Fedhas
Gozag
Kikubaaqudgha
Makhleb
Nemelex Xobeh
Okawaru
Qazlal
Ru
Sif Muna
Trog
Vehumet
Xom
Yredelemnul
Zin
The Shining One

Shops:
D:4 [[%*   D:9 ([


Message History

The blink frog is engulfed in roaring flames.
Drink which item? (? for menu, Esc to quit)
You feel better.
The blink frog is engulfed in noxious fumes.
The blink frog appears confused.
The blink frog hits the eight-headed hydra.
The blink frog barely misses you. The blink frog misses you.
The blink frog is engulfed in noxious fumes.
Casting: Blink
Confirm with . or Enter, or press ? or * to list all spells.
Aiming: Bolt of Magma
Press: ? - help, Shift-Dir - straight line, f - eight-headed hydra
Aim: an eight-headed hydra (almost dead)
The bolt of magma misses the blink frog.
The bolt of magma hits the eight-headed hydra.
You kill the eight-headed hydra!
Your Dodging skill increases to level 7!
The blink frog hits you but does no damage.
The blink frog hits you!
You die...

............#
...........F##
..............#
..............##
.>........§§§..#
..........§.§..#
..........F.§..##
...........F§...#
.........F@#.##.#
.......###.....#
....###....>.#..#
...##...D....# .#
.###.§....##### #
.F......?.#
.8....###....D...


YYF. ........ .. ........ You could see 4 blink frogs.

Vanquished Creatures
  Fannar (D:10)
  2 hydras
  A hill giant (D:9)
  A spiny frog (Lair:1)
  A gargoyle (D:9)
  Grinder (D:2)
  Eustachio (D:8)
  Menkaure (D:6)
  A porcupine (Lair:1)
  5 orc warriors
  A sky beast (D:9)
  A black bear (D:9)
  6 ice beasts
  A necrophage (D:8)
  3 ogres
  2 phantoms
  A crocodile (D:9)
  2 wasps
  13 centaurs
  8 giant frogs
  A wyvern zombie (D:9)
  2 scorpions
  A wyvern skeleton (D:7)
  A water moccasin skeleton (D:8)
  5 wights
  2 killer bees (D:9)
  2 crimson imps
  A goliath beetle (D:8)
  A quasit (D:8)
  5 hounds
  4 jellies
  4 iguanas
  12 orc priests
  11 orc wizards
  Natasha (twice) (D:2)
  4 worker ants
  Ijyb (D:3)
  A hound skeleton (D:6)
  5 adders
  A giant mite (D:1)
  4 worms
  A shadow imp (D:5)
  A white imp (D:8)
  4 giant geckos
  3 oozes
  51 orcs
  3 bat skeletons
  5 giant cockroaches
  13 goblins
  14 hobgoblins
  12 kobolds
  7 quokkas
  2 ball pythons
  16 bats
  3 giant newts
  4 jackals
  14 rats
276 creatures vanquished.

Vanquished Creatures (collateral kills)
  A quasit (D:7)
  2 orcs
3 creatures vanquished.

Grand Total: 279 creatures vanquished

Notes
Turn   | Place    | Note
--------------------------------------------------------------
     0 | D:1      | faibistes, the Deep Elf Wizard, began the quest for the Orb.
     0 | D:1      | Reached XP level 1. HP: 10/10 MP: 6/6
   611 | D:1      | Reached XP level 2. HP: 12/15 MP: 0/10
   615 | D:1      | Learned a level 2 spell: Blink
   618 | D:1      | Learned a level 2 spell: Call Imp
   707 | D:1      | Reached skill level 5 in Spellcasting
  1184 | D:1      | Reached XP level 3. HP: 19/19 MP: 11/14
  1189 | D:1      | Learned a level 3 spell: Conjure Flame
  1193 | D:1      | Learned a level 3 spell: Mephitic Cloud
  1502 | D:2      | Found a basalt altar of Yredelemnul.
  1950 | D:3      | Noticed Natasha
  1962 | D:2      | Killed Natasha
  1962 | D:2      | Reached XP level 4. HP: 24/24 MP: 2/17
  1977 | D:2      | Learned a level 2 spell: Repel Missiles
  2032 | D:2      | Noticed Natasha
  2035 | D:2      | Killed Natasha
  2272 | D:3      | Noticed Ijyb
  2411 | D:3      | Noticed Grinder
  2411 | D:3      | Killed Ijyb
  2411 | D:3      | Reached skill level 6 in Spellcasting
  2521 | D:2      | Killed Grinder
  2521 | D:2      | Reached skill level 7 in Spellcasting
  2521 | D:2      | Reached XP level 5. HP: 28/28 MP: 10/21
  2521 | D:2      | Reached XP level 6. HP: 32/32 MP: 10/23
  2646 | D:5      | Entered Level 5 of the Dungeon
  3594 | D:4      | Found Ica Kluo's Food Shoppe.
  3617 | D:4      | Found Plog's Antique Armour Emporium.
  3617 | D:4      | Found Siom Nimn's Antique Armour Emporium.
  3629 | D:4      | Bought a pair of embroidered boots for 103 gold pieces
  3672 | D:4      | Found a staircase to the Ecumenical Temple.
  3686 | Temple   | Entered the Ecumenical Temple
  3849 | Temple   | Became a worshipper of Sif Muna the Loreminder
  3975 | D:4      | Found Kliudang's Assorted Antiques.
  3981 | D:4      | Bought a fizzy purple potion {tried by monster} for 23 gold pieces
  4576 | D:4      | Reached XP level 7. HP: 36/36 MP: 18/25
  4612 | D:4      | Reached skill level 8 in Spellcasting
  4827 | D:4      | Reached skill level 1 in Fire Magic
  5070 | D:4      | Reached skill level 1 in Air Magic
  5393 | D:6      | Noticed Menkaure
  5401 | D:6      | Killed Menkaure
  5401 | D:6      | Acquired Sif Muna's first power
  5401 | D:6      | Reached skill level 1 in Poison Magic
  6190 | D:5      | Reached skill level 5 in Conjurations
  6190 | D:5      | Reached XP level 8. HP: 41/41 MP: 23/27
  6354 | D:6      | Reached skill level 5 in Dodging
  6363 | D:6      | Acquired Sif Muna's second power
  6470 | D:6      | Reached skill level 9 in Spellcasting
  7142 | D:9      | Noticed a hill giant
  7178 | D:9      | Killed a hill giant
  7178 | D:9      | Reached XP level 9. HP: 45/45 MP: 5/29
  7435 | D:9      | Reached skill level 1 in Invocations
  7479 | D:9      | Reached skill level 1 in Charms
  7502 | D:9      | Reached skill level 1 in Evocations
  7550 | D:9      | Noticed a four-headed hydra
  7566 | D:9      | Killed a four-headed hydra
  7566 | D:9      | Reached skill level 1 in Fighting
  7566 | D:9      | Reached skill level 10 in Spellcasting
  7566 | D:9      | Reached skill level 5 in Fire Magic
  7726 | D:8      | Noticed a moth of wrath
  7849 | D:7      | Acquired Sif Muna's third power
  7943 | D:7      | Found a sparkling altar of Nemelex Xobeh.
  8041 | D:7      | Found a radiant altar of Vehumet.
  8341 | D:7      | Reached XP level 10. HP: 49/53 MP: 12/31
  8794 | D:8      | Noticed Eustachio
  8814 | D:8      | Killed Eustachio
  9711 | D:8      | Found a bloodstained altar of Trog.
  9761 | D:8      | Got a steaming flail
  9762 | D:8      | Identified the +8 flail of Success {crush, rC+ Int+4} (You found it on level 8 of the Dungeon)
 10491 | D:8      | Found a shadowy altar of Dithmenos.
 10532 | D:8      | Learned a level 5 spell: Bolt of Magma
 10765 | D:9      | Found Zathoasm's Antique Armour Boutique.
 10788 | D:9      | Reached skill level 11 in Spellcasting
 10959 | D:10     | Entered Level 10 of the Dungeon
 11045 | D:9      | Found a staircase to the Orcish Mines.
 11164 | D:9      | Found Bliv's Weapon Shop.
 11288 | D:9      | Found a shattered altar of Ashenzari.
 11374 | D:9      | Reached skill level 1 in Earth Magic
 11563 | D:9      | Noticed a gargoyle
 11564 | D:9      | Found a shimmering altar of Xom.
 11568 | D:9      | Killed a gargoyle
 11906 | D:9      | Found a staircase to the Lair.
 11988 | D:9      | Reached skill level 5 in Invocations
 12229 | D:10     | Noticed Fannar
 12238 | D:10     | Killed Fannar
 12238 | D:10     | Reached XP level 11. HP: 27/60 MP: 0/33
 12441 | D:8      | Found an iron altar of Okawaru.
 12441 | D:8      | Found a sparkling altar of Nemelex Xobeh.
 12441 | D:8      | Found a snail-covered altar of Cheibriados.
 12640 | Lair:1   | Entered Level 1 of the Lair of Beasts
 12683 | Lair:1   | Noticed an eight-headed hydra
 12698 | Lair:1   | HP: 3/60 [eight-headed hydra (7)]
 12701 | Lair:1   | Killed an eight-headed hydra
 12701 | Lair:1   | Slain by a blink frog

Action                   |  1- 3 |  4- 6 |  7- 9 | 10-12 || total
-------------------------+-------+-------+-------+-------++-------
Melee: Unarmed           |     5 |       |       |       ||     5
       Dagger            |     2 |     3 |    69 |   151 ||   225
 Cast: Magic Dart        |    86 |   139 |   224 |   258 ||   707
       Mephitic Cloud    |     1 |     6 |    28 |    27 ||    62
       Blink             |     1 |     3 |    12 |    11 ||    27
       Conjure Flame     |       |     4 |    18 |    17 ||    39
       Repel Missiles    |       |     1 |     2 |       ||     3
       Bolt of Magma     |       |       |       |    30 ||    30
       Call Imp          |       |       |       |     7 ||     7
Invok: Channel Energy    |       |       |       |     3 ||     3
  Use: Scroll            |     5 |     3 |     9 |     6 ||    23
       Potion            |       |       |       |     1 ||     1
 Stab: Confused          |       |       |     9 |     3 ||    12
       Sleeping          |       |       |     3 |     1 ||     4
  Eat: Chunk             |     1 |    10 |    13 |    17 ||    41
